 Dungeon Crawl Stone Soup version 0.17.0-24-gcfadda4 (webtiles) character file.

39 inmateoo the Cudgeler (level 3, -1/55 HPs)
             Began as an Ogre Warper on Nov 17, 2015.
             Slain by Crazy Yiuf
             ... wielding a +4 quarterstaff of chaos
              (7 damage)
             ... on level 2 of the Dungeon.
             The game lasted 00:02:10 (1657 turns).

inmateoo the Cudgeler (Ogre Warper)                 Turns: 1657, Time: 00:02:10

Health: -1/55      AC:  3    Str: 21    XL:     3   Next: 45%
Magic:  6/6        EV: 10    Int: 12    God:
Gold:   40         SH:  0    Dex: 10    Spells: 1 memorised, 6 levels left

rFire  . . .     SeeInvis .     a - +0 mace
rCold  . . .     Clarity  .     b - +0 robe
rNeg   . . .     SustAt   .     (no shield)
rPois  .         Gourm    .     (helmet restricted)
rElec  .         Spirit   .     (no cloak)
rCorr  .         Warding  .     (gloves unavailable)
rMut   .         Stasis   .     (boots unavailable)
MR     .....                    (no amulet)
Stlth  ..........               n - ring of stealth
                                (no ring)

@: berserking, slowed, drained, not resistant to hostile enchantments, extremely
unstealthy
A: unfitting armour, tough skin 1
a: no special abilities


You were on level 2 of the Dungeon.
You were not hungry.

You visited 1 branch of the dungeon, and saw 2 of its levels.

You collected 40 gold pieces.

Inventory:

Hand Weapons
 a - a +0 mace (weapon)
Missiles
 e - 5 tomahawks of dispersal (quivered)
Armour
 b - a +0 robe (worn)
Jewellery
 g - an uncursed ring of ice
 n - a ring of stealth (right hand)
Scrolls
 d - a scroll of blinking
 k - a scroll of enchant armour {unknown}
 l - a scroll of fear {unknown}
 m - a scroll of identify
 o - a scroll of magic mapping {unknown}
 s - a scroll of recharging {unknown}
Books
 c - a book of Spatial Translocations

   Spells                             Type                      Level
   a - Apportation                    Translocation                1
   b - Blink                          Translocation                2
   c - Shroud of Golubria             Charms/Translocation         2
   d - Portal Projectile              Translocation                3
   e - Teleport Other                 Translocation                3
   f - Passage of Golubria            Translocation                4
Comestibles
 f - 2 bread rations
 h - a royal jelly
 i - a slice of pizza
 j - a meat ration
 p - a beef jerky


   Skills:
 + Level 3.2(2.9) Fighting
 * Level 3.4(3.0) Maces & Flails
 - Level 1.0(0.6) Throwing
 + Level 0.7(0.3) Armour
 + Level 2.3(1.9) Dodging
 + Level 2.6(2.3) Spellcasting
 + Level 2.3(2.0) Translocations


You had 6 spell levels left.
You knew the following spells:

 Your Spells              Type           Power        Failure   Level  Hunger
a - Apportation           Tloc           #.........   12%         1    ##.....


Dungeon Overview and Level Annotations

Branches:
Dungeon (2/15)

Altars:

Annotations:
D:2 Crazy Yiuf, Terence


Innate Abilities, Weirdness & Mutations

You are too large for most types of armour.
You have tough skin (AC +1).


Message History

Crazy Yiuf hits you with a quarterstaff of chaos.
You feel yourself slow down.
You closely miss Crazy Yiuf.
Crazy Yiuf is moderately wounded.
Crazy Yiuf sings, "Trees, trees, trees, circus!"
Crazy Yiuf hits you with a quarterstaff of chaos.
A red film seems to cover your vision as you go berserk!
You feel yourself moving faster!
You feel mighty!
Crazy Yiuf hits you with a quarterstaff of chaos!
Crazy Yiuf freezes you.
You hit Crazy Yiuf but do no damage.
Crazy Yiuf is moderately wounded.
Crazy Yiuf hits you with a quarterstaff of chaos!
* * * LOW HITPOINT WARNING * * *
You feel drained.
* * * LOW HITPOINT WARNING * * *
You closely miss Crazy Yiuf.
Crazy Yiuf is moderately wounded.
Crazy Yiuf hits you with a quarterstaff of chaos!
You die...

### .)# ..# ..
.# ##g# #@# ##.#
#.## ##.##
#.#..# #...##
#....## #PP..#
#..... #....#
#...###
##..#####......
#......#...###.#


You could see Crazy Yiuf.

Vanquished Creatures
  An adder (D:1)
  A giant gecko (D:1)
  A ball python (D:2)
  A giant cockroach (D:1)
  6 hobgoblins
  3 kobolds (D:1)
  3 bats (D:1)
  5 goblins
  3 jackals (D:1)
  2 rats
26 creatures vanquished.

Notes
Turn   | Place    | Note
--------------------------------------------------------------
     0 | D:1      | inmateoo the Ogre Warper began the quest for the Orb.
     0 | D:1      | Reached XP level 1. HP: 22/22 MP: 3/3
   167 | D:1      | Reached skill level 3 in Maces & Flails
   167 | D:1      | Reached XP level 2. HP: 27/29 MP: 5/5
   533 | D:1      | Reached XP level 3. HP: 3/37 MP: 6/6
  1291 | D:2      | Noticed Terence
  1647 | D:2      | Noticed Crazy Yiuf
  1657 | D:2      | Slain by Crazy Yiuf

Action                   || total
-------------------------++-------
Melee: Mace              ||    92
  Use: Scroll            ||     1
 Stab: Sleeping          ||     3
  Eat: Chunk             ||     2
